 Dungeon Crawl Stone Soup version 0.29.1-1-gd02db6906a (webtiles) character file.

Game seed: 1943113227132615107

1199 oldmanjim the Stinger (level 8, 0/52 HPs)
             Began as an Octopode Venom Mage on Sept 15, 2022.
             Slain by an orc warrior
             ... wielding a +0 flail
              (13 damage)
             ... on level 5 of the Dungeon on Sept 16, 2022.
             The game lasted 01:07:30 (9245 turns).

oldmanjim the Stinger (Octopode Venom Mage)         Turns: 9245, Time: 01:07:31

Health: 0/52       AC:  1    Str:  7    XL:     8   Next: 44%
Magic:  8/15       EV: 13    Int: 19    God:
Gold:   118        SH:  0    Dex: 13    Spells: 7/17 levels left

rFire   . . .      SeeInvis .   a - +2 dagger (vamp)
rCold   . . .      Faith    .   (no shield)
rNeg    . . .      Spirit   .   (helmet restricted)
rPois   +          Reflect  .   (no amulet)
rElec   .          Harm     .   v - ring of poison resistance
rCorr   .          Rampage  .   w - ring of wizardry
Will    .....                   (no ring)
Stlth   +++.......              (no ring)
HPRegen 0.17/turn               (no ring)
MPRegen 0.14/turn               (no ring)
                                (no ring)
                                (no ring)

@: no status effects
A: almost no armour, amphibious, 8 rings, camouflage 1, gelatinous body 1,
(nimble swimmer 1), tentacles
a: no special abilities


You were on level 5 of the Dungeon.
You visited 1 branch of the dungeon, and saw 6 of its levels.

You collected 226 gold pieces.
You spent 108 gold pieces at shops.

Inventory:

Hand Weapons
 a - a +2 vampiric dagger (weapon)
Missiles
 b - 51 stones
 e - 5 boomerangs of dispersal (quivered)
 i - 8 poisoned darts
 m - 2 boomerangs
Armour
 l - the +0 tower shield "Estahes" {rPois rF++ Str-3 Dex+8}
   (You found it on level 3 of the Dungeon)

   Str:       It affects your strength (-3).
   Dex:       It affects your dexterity (+8).
   rF:        It greatly protects you from fire.
   rPois:     It protects you from poison.
Jewellery
 v - a ring of poison resistance (left tentacle)
 w - a ring of wizardry (right tentacle)
Wands
 A - a wand of roots (14)
Scrolls
 d - a scroll of poison {unknown}
 g - 4 scrolls of identify
 j - a scroll of silence {unknown}
 o - 2 scrolls of fear
 p - 2 scrolls of teleportation {unknown}
 r - 2 scrolls of noise
 t - a scroll of torment {unknown}
 x - a scroll of enchant weapon {unknown}
 y - a scroll of enchant armour {unknown}
 z - 2 scrolls of fog {unknown}
 B - a scroll of amnesia {unknown}
 C - a scroll of magic mapping {unknown}
Potions
 c - a potion of attraction {unknown}
 f - 2 potions of mutation {unknown}
 h - 3 potions of curing
 k - a potion of cancellation {unknown}
 n - 3 potions of brilliance {unknown}
 q - a potion of heal wounds
 s - 2 potions of lignification {unknown}
 u - a potion of magic
 D - a potion of might {unknown}


   Skills:
 - Level 3.0 Fighting
 - Level 3.0 Dodging
 - Level 4.0 Stealth
 + Level 3.9 Shields
 - Level 5.0 Spellcasting
 - Level 2.0 Conjurations
 - Level 1.0 Transmutations
 - Level 2.0 Air Magic
 + Level 6.7 Poison Magic


You had 7 spell levels left.
You knew the following spells:

 Your Spells              Type           Power      Damage    Failure   Level
a - Sting                 Tmut/Pois      76%        1d6       1%          1
b - Poisonous Vapours     Pois/Air       42%        N/A       1%          2
c - Mephitic Cloud        Conj/Pois/Air  18%        N/A       3%          3
d - Olgreb's Toxic Radia  Pois           30%        N/A       3%          4

Your spell library contained the following spells:

 Spells                   Type           Power      Damage    Failure   Level
 Apportation              Tloc           8%         N/A       4%          1
 Necrotise                Necr           16%        1d4       4%          1
 Vampiric Draining        Necr           4%         2d6       16%         3
 Alistair's Intoxication  Tmut/Pois      12%        N/A       26%         5
 Agony                    Necr           4%         N/A       77%         5


Dungeon Overview and Level Annotations

Branches:
Dungeon (6/15)
 Temple: D:4-7

Altars:
Zin

Shops:
D:1 !   D:3 *   D:6 =

Annotations:
D:2 1 runed translucent door, Crazy Yiuf
D:5 Grinder


Innate Abilities, Weirdness & Mutations

You cannot wear most types of armour.
You are amphibious.
You can wear up to eight rings at the same time.
Your skin changes colour to match your surroundings (Stealth+).
Your rubbery body absorbs attacks. (AC +1, EV +1)
((You are camouflaged when in or above water. (Stealth+)))
You have tentacles for arms and can constrict up to eight enemies at once.


Message History

The gnoll shouts!
The orc warrior shouts!
The orc shouts!
You hear a shout!
The orc shouts!
The gnoll closely misses you. The orc warrior completely misses you.
You hear a shout! x3
Found a scroll of identify.
There is a stone staircase leading up here.
Casting: Olgreb's Toxic Radiance (dangerous; 3% risk of failure)
Confirm with . or Enter, or press ? or * to list all spells.
You begin to radiate toxic energy.
The orc warrior is poisoned.
The orc is poisoned. x2; The gnoll is poisoned.
The orc warrior looks even sicker.
The orc looks even sicker. x2
The gnoll hits you from afar with a +0 spear.
The orc warrior misses you.
Casting: Olgreb's Toxic Radiance (dangerous; 3% risk of failure)
Confirm with . or Enter, or press ? or * to list all spells.
Your toxic radiance grows in intensity.
The orc looks even sicker.
You kill the orc!
The gnoll looks even sicker.
You kill the orc!
The gnoll hits you from afar with a +0 spear!
An orc comes into view. It is wielding a +0 whip.
The orc warrior closely misses you.
The orc shouts!
The orc is poisoned.
The gnoll looks even sicker.
The gnoll hits you from afar with a +0 spear.
The orc warrior hits you with a +0 flail!
You climb upwards.
Level annotation: Grinder The orc warrior looks even sicker.
Your toxic aura wanes.
There is a stone staircase leading down here.
The orc warrior attacks as you move away!
The orc warrior hits you with a +0 flail!
* * * LOW HITPOINT WARNING * * *
There is a stone staircase leading down here.
The orc warrior attacks as you move away!
The orc warrior closely misses you.
The orc warrior attacks as you move away!
The orc warrior hits you with a +0 flail!
You die...

##############
#..>.........#####
#...>........#...#
#............#...#
#............#...#
#............#...#
########.....#...#
#.o@..#...# #.....#...#
#.....'...#
########.....#...#
#######.......#'####...#
..............'........#
..............#........#
..............#........#
..............#...##...#


You could see an orc warrior (very poisoned).

Vanquished Creatures
  Edmund (D:5)
  An orc warrior (D:4)
  A sky beast (D:6)
  A black bear (D:6)
  An ice beast (D:5)
  An ogre (D:5)
  Blork the orc (D:5)
  2 scorpions
  4 hounds
  2 iguanas
  An orc wizard (D:4)
  Natasha (twice) (D:4)
  3 gnolls
  6 adders
  An ufetubus (D:6)
  A worm (D:2)
  6 dart slugs
  12 orcs
  6 bats
  9 endoplasms
  7 giant cockroaches
  7 hobgoblins
  2 jackals (D:1)
  5 quokkas
  5 ball pythons
  3 frilled lizards
  7 goblins
  5 kobolds
  5 rats
108 creatures vanquished.

Vanquished Creatures (others)
  A plant (D:2)
1 creature vanquished.

Grand Total: 109 creatures vanquished

Notes
Turn   | Place    | Note
-------+----------+-------------------------------------------
     0 | D:1      | oldmanjim the Octopode Venom Mage began the quest for the
                  | Orb.
     0 | D:1      | Reached XP level 1. HP: 11/11 MP: 3/3
   328 | D:1      | Reached XP level 2. HP: 17/17 MP: 3/5
   352 | D:1      | Learned a level 2 spell: Poisonous Vapours
   381 | D:1      | Reached skill level 4 in Poison Magic
   775 | D:1      | Reached XP level 3. HP: 21/21 MP: 1/6
   848 | D:1      | Found Gaugy's Distillery.
   850 | D:1      | Found a faded altar of an unknown god.
   905 | D:1      | Reached skill level 1 in Air Magic
  1621 | D:1      | Found a faded altar of an unknown god.
  1623 | D:1      | Found Gaugy's Distillery.
  2245 | D:1      | Bought a potion of curing for 36 gold pieces
  2475 | D:2      | Noticed a scorpion
  2489 | D:2      | Killed a scorpion
  2490 | D:2      | Reached skill level 5 in Poison Magic
  2490 | D:2      | Reached XP level 4. HP: 17/27 MP: 0/8
  2686 | D:2      | Learned a level 3 spell: Mephitic Cloud
  2745 | D:2      | Found a runed translucent door.
  2746 | D:2      | Noticed Crazy Yiuf
  2960 | D:2      | Reached XP level 5. HP: 32/32 MP: 5/9
  3605 | D:2      | Reached skill level 1 in Fighting
  3826 | D:3      | Identified the +0 tower shield "Estahes" {rPois rF++ Str-3
                  | Dex+8}
  3880 | D:3      | Reached skill level 1 in Conjurations
  3941 | D:3      | Found a glowing silver altar of Zin.
  4239 | D:3      | Found Kycalu's General Store.
  4343 | D:1      | Bought a potion of heal wounds for 60 gold pieces
  4343 | D:1      | Bought a potion of degeneration for 12 gold pieces
  4919 | D:3      | Learned a level 4 spell: Olgreb's Toxic Radiance
  4981 | D:4      | Noticed an orc warrior
  5117 | D:4      | Killed an orc warrior
  5118 | D:4      | Reached XP level 6. HP: 17/38 MP: 1/10
  5410 | D:4      | Reached skill level 6 in Poison Magic
  5998 | D:4      | Noticed a yak
  5998 | D:4      | Noticed a yak
  5998 | D:4      | Noticed a yak
  6000 | D:4      | Noticed a yak
  6093 | D:4      | Noticed Natasha
  6100 | D:4      | Killed Natasha
  6156 | D:4      | Noticed Natasha
  6163 | D:4      | Killed Natasha
  6484 | D:4      | Reached XP level 7. HP: 22/45 MP: 6/12
  6835 | D:4      | Noticed a yak
  6863 | D:5      | Entered Level 5 of the Dungeon
  7178 | D:5      | Reached skill level 1 in Shields
  7245 | D:5      | Noticed Edmund
  7276 | D:5      | Killed Edmund
  7542 | D:5      | Noticed Blork the orc
  7561 | D:5      | Killed Blork the orc
  8219 | D:5      | Reached XP level 8. HP: 28/52 MP: 7/15
  8378 | D:5      | Reached skill level 5 in Spellcasting
  8551 | D:5      | Noticed Grinder
  8993 | D:6      | Found Syibemn's Jewellery Shoppe.
  9245 | D:5      | Slain by an orc warrior

Illustrated notes

Levels and vault maps discovered:
D:1:      lemuel_arrival_muddy, layout_basic,
          hellmonk_ecumenical_altar_arch_garden, serial_shops, shop,
          dreamdust_princess_corridor, minmay_split_cup_small
D:2:      layout_basic, serial_bayou, serial_bayou_lagoon_a,
          serial_bayou_pond_b, serial_bayou_pond_c, serial_bayou_pond_b,
          uniq_crazy_yiuf_cottage
D:3:      layout_loops_cross, mainiacjoe_overflow_catwalk, serial_shops, shop
D:4:      layout_basic, uniq_natasha
D:5:      layout_gridville, uniq_blork_the_orc, uniq_edmund, uniq_grinder
D:6:      layout_cave_pods, serial_shops, shop, dk_rats_in_the_wall

Skill      XL: |  1  2  3  4  5  6  7  8 |
---------------+-------------------------+-----
Stealth        | 3 4 |  4.0
Poison Magic   | 4 5 6 |  6.7
Air Magic      | 1 2 |  2.0
Spellcasting   | 3 4 5 |  5.0
Fighting       | 1 2 3 |  3.0
Conjurations   | 2 |  2.0
Shields        | 2 3 |  3.9
Dodging        | 3 |  3.0
Transmutations | |  1.0

Action                   |  1- 3 |  4- 6 |  7- 9 || total
-------------------------+-------+-------+-------++-------
Melee: Unarmed           |    30 |     8 |       ||    38
       Constrict         |     8 |     4 |     2 ||    14
       Tentacles         |     4 |     3 |     4 ||    11
       Dagger            |       |     5 |    19 ||    24
Throw: Stone             |       |    10 |       ||    10
       Boomerang         |       |     1 |       ||     1
 Cast: Sting             |    41 |    37 |    30 ||   108
       Poisonous Vapours |    14 |    73 |    33 ||   120
       Olgreb's Toxic Ra |       |       |     6 ||     6
       Mephitic Cloud    |       |       |     1 ||     1
  Use: Scroll            |       |     2 |       ||     2
 Stab: Confused          |       |       |     1 ||     1
       Sleeping          |       |       |     1 ||     1
Armor: Skin              |     8 |     1 |       ||     9
Dodge: Dodged            |    33 |    19 |    31 ||    83
